 Dungeon Crawl Stone Soup version 0.31-a0-1204-ge2c1a860ed (webtiles) character file.

Game seed: 10000970362483619525

116 hikkokomori the Digger (level 5, -2/30 HPs)
             Began as a Gargoyle Earth Elementalist on Dec 12, 2023.
             Slain by a wight
             ... wielding a +4 trident
              (6 damage)
             ... on level 3 of the Dungeon.
             The game lasted 00:02:06 (2125 turns).

hikkokomori the Digger (GrEE)                       Turns: 2125, Time: 00:02:06

Health: -2/30      AC:  6    Str: 12    XL:     5   Next: 1%
Magic:  6/9        EV: 11    Int: 17    God:
Gold:   110        SH:  0    Dex: 10    Spells: 8/9 levels left

rFire   . . .        g - +1 hand axe (venom)
rCold   . . .        (no shield)
rNeg    + . .        a - +0 robe
rPois   ∞            (no helmet)
rElec   +            (no cloak)
rCorr   .            (no gloves)
SInv    .            (no boots)
Will    .....        (no amulet)
Stlth   ++           (no ring)
HPRegen 0.25/turn    (no ring)
MPRegen 0.11/turn

%: no passive effects
@: no status effects
A: sickness immunity, AC +4, negative energy resistance 1, electricity
resistance, torment resistance 1, petrification resistance
a: no special abilities


You were on level 3 of the Dungeon.
You visited 1 branch of the dungeon, and saw 3 of its levels.

You collected 110 gold pieces.

Inventory:

Hand Weapons
 g - a +1 hand axe of venom (weapon)
Armour
 a - a +0 robe (worn)
Jewellery
 n - an amulet of faith
Scrolls
 d - a scroll of torment {unknown}
 e - 2 scrolls of fear {unknown}
 f - a scroll of teleportation {unknown}
 h - a scroll of identify
 j - a scroll of noise
 k - a scroll of enchant weapon {unknown}
 p - a scroll of revelation {unknown}
Potions
 b - a potion of magic
 c - a potion of mutation {unknown}
 i - a potion of might {unknown}
 l - a potion of brilliance {unknown}
 m - a potion of enlightenment {unknown}
 o - a potion of heal wounds {unknown}


   Skills:
 + Level 2.2 Fighting
 - Level 1.5 Dodging
 + Level 3.4 Stealth
 + Level 2.8 Spellcasting
 - Level 0.7 Transmutations
 + Level 4.5 Earth Magic


You had 8 spell levels left.
You knew the following spells:

 Your Spells              Type           Power      Damage    Failure   Level
a - Sandblast             Erth           34%        2d9       2%          1

Your spell library contained the following spells:

 Spells                   Type           Power      Damage    Failure   Level
 Passwall                 Tmut/Erth      9%         N/A       9%          2
 Stone Arrow              Conj/Erth      20%        3d8       21%         3
 Petrify                  Tmut/Erth      11%        N/A       52%         4
 Brom's Barrelling Bould  Conj/Erth      10%        2d3       56%         4


Dungeon Overview and Level Annotations

Branches:
Dungeon (3/15)

Altars:


Innate Abilities, Weirdness & Mutations

You are immune to sickness and miasma.
Your stone body is resilient. (AC +4)
You are immune to poison.
You resist negative energy. (rN+)
You are resistant to electric shocks. (rElec)
You are resistant to unholy torment.
You are immune to petrification.


Message History

The blast of sand hits the orc!
You kill the orc!
You have reached level 5!
A ball python comes into view.
A ball python is nearby!
A ball python is nearby!
Things that are here:
a +0 whip; a +0 chain mail; an orc corpse You can't see any susceptible monsters within range! (Use Z to cast anyway.)
The ball python hisses angrily.
Found a scroll labelled KILUOR DOAZ.
The ball python closely misses you. The ball python grabs you.
The ball python constricts you.
The blast of sand hits the ball python!
You kill the ball python!
Found a rapier.
e - 2 scrolls labelled OMODO LYLODI (gained 1)
A wight comes into view. It is wielding a +4 trident.
A wight is nearby!
A wight is nearby!
A wight is nearby!
A wight comes into view.
It is wielding a +0 battleaxe. 2 wights and an adder come into view.
Found an escape hatch in the floor.
Things that are here:
a +0 short sword; a +0 scale mail; an orc corpse The blast of sand hits the wight but does no damage.
The wight completely misses you.
The blast of sand hits the wight.
The wight is heavily damaged.
The wight hits you from afar with a +4 trident!
The blast of sand hits the wight but does no damage.
The wight is heavily damaged.
The wight hits you from afar with a +4 trident! x2
* * * LOW HITPOINT WARNING * * *
As you read the scroll labelled KILUOR DOAZ, it crumbles to dust.
It is a scroll of identify.
j - a scroll of noise The wight hits you from afar with a +4 trident.
You die...

#.....#.#
........###############
#.............#.....
#.#.................
##.....
#....########.......
#...... ##..## #.......
.....z. #..## #.......
......z #...# #.......
....... #.@.# #.......
>#....z## ###.#.#
##...<.. ........#
##zz.#.# ##.....
........####.z#)#..##
######
.............##.##..##
.......#....###......#
......#..#.........#.#
#.....#.#######......#
#.....). #....#..#


You could see 3 wights.

Vanquished Creatures
  A scorpion (D:2)
  A worm (D:2)
  A dart slug (D:2)
  2 orcs (D:3)
  An endoplasm (D:1)
  3 giant cockroaches
  6 goblins
  3 hobgoblins
  2 jackals (D:2)
  3 quokkas
  6 ball pythons
  3 bats
  7 frilled lizards
  6 kobolds
  6 rats
51 creatures vanquished.

Notes
Turn   | Place    | Note
-------+----------+-------------------------------------------
     0 | D:1      | hikkokomori the Gargoyle Earth Elementalist began the quest
                  | for the Orb.
     0 | D:1      | Reached XP level 1. HP: 10/10 MP: 3/3
   386 | D:1      | Reached XP level 2. HP: 16/16 MP: 1/5
   659 | D:1      | Reached skill level 1 in Fighting
   935 | D:1      | Reached skill level 4 in Earth Magic
  1066 | D:1      | Reached XP level 3. HP: 20/20 MP: 4/6
  1401 | D:2      | Noticed a scorpion
  1410 | D:2      | Killed a scorpion
  1411 | D:2      | Reached XP level 4. HP: 18/26 MP: 1/8
  2056 | D:3      | Reached XP level 5. HP: 30/30 MP: 4/9
  2125 | D:3      | Slain by a wight

Illustrated notes

Levels and vault maps discovered:
D:1:      spicycebolla_arrival_xxxplode, layout_loops_ring,
          serial_co_window_serial, co_window_of_opportunity_a,
          co_window_paths_a, co_window_corner_a, co_window_of_opportunity_a,
          co_window_paths_b, co_window_corner_b, co_window_of_opportunity_c,
          co_window_corner_b, co_window_of_opportunity_b,
          co_window_of_opportunity_b, co_window_broadway_b, co_window_corner_cb,
          glass_columns_b, glass_columns_a, glass_columns_b, glass_columns_b,
          glass_columns_c
D:2:      layout_rooms, minmay_tromino_v4_b
D:3:      layout_rooms

Skill      XL: |  1  2  3 |
---------------+----------+-----
Fighting       | 1 2 |  2.2
Earth Magic    | 4 |  4.5
Stealth        | 3 |  3.4
Dodging        | |  1.5
Spellcasting   | |  2.8
Transmutations | |  0.7

Action                     |  1- 3 |  4- 6 || total
---------------------------+-------+-------++-------
  Melee: Unarmed           |    16 |       ||    16
         Punch             |     1 |       ||     1
         Hand axe          |     1 |     2 ||     3
   Cast: Sandblast         |    45 |    36 ||    81
    Use: Scroll            |       |     1 ||     1
 Armour: Robe              |    37 |     7 ||    44
  Dodge: Dodged            |    31 |    11 ||    42

Table legend: (Time is in decaauts)
 A = Elapsed time spent in this place.
 B = Non-inter-level travel time spent in this place.
 C = Inter-level travel time spent in this place.
 D = Time resting spent in this place.
 E = Time spent auto-exploring this place.
 F = Levels seen in this place.
 G = Mean time per level.
                   A        B        C        D        E       F      G
               +--------+--------+--------+--------+--------+-----+--------+
         Total |   2165 |   2136 |     29 |     48 |   1770 |   3 |  721.7 |
       Dungeon |   2165 |   2136 |     29 |     48 |   1770 |   3 |  721.7 |
               +--------+--------+--------+--------+--------+-----+--------+

Top non-repeatable levels by time:
     D:1: 1277 daAuts
     D:2: 765 daAuts
     D:3: 122 daAuts
